 Dungeon Crawl Stone Soup version 0.10.2-40-g36e0077 character file.

1466 RenegadeA the Basher (level 8, -3/103 HPs)
             Began as a Minotaur Berserker on Aug 8, 2012.
             Was an Elder of Trog.
             Slain by a ball python (8 damage)
             ... in the sewers.
             The game lasted 00:59:52 (6952 turns).

RenegadeA the Basher (Minotaur Berserker)           Turns: 6952, Time: 00:59:52

HP  -3/103       AC 12     Str 29      XL: 8   Next: 57%
MP   2/2         EV  5     Int  4      God: Trog [****..]
Gold 45          SH  0     Dex 10      Spells:  0 memorised,  7 levels left

Res.Fire  : . . .   See Invis. : .   A - +3,+1 flail
Res.Cold  : + . .   Warding    : . . H - +0 plate armour
Life Prot.: . . .   Conserve   : +   (no shield)
Res.Acid. : . . .   Res.Corr.  : .   y - +0 wizard hat
Res.Poison: .       Clarity    : .   (no cloak)
Res.Elec. : .       Spirit.Shd : .   (no gloves)
Sust.Abil.: . .     Stasis     : .   (no boots)
Res.Mut.  : .       Ctrl.Telep.: .   s - amulet of conservation {unknown}
Res.Rott. : .       Levitation : .   o - ring of protection from fire {unknown}
Saprovore : . . .   Ctrl.Flight: .   c - ring of ice

@: regenerating, berserking (expires), constricted, very quick, very resistant
to hostile enchantments, extremely unstealthy
A: retaliatory headbutt, horns 2
a: Burn Spellbooks, Berserk, Trog's Hand, Brothers in Arms, Renounce Religion


You were in the sewers.
You worshipped Trog.
Trog was extremely pleased with you.
You were hungry.

You visited 1 branch of the dungeon, and saw 6 of its levels.
You visited 1 portal chamber: sewer.

You collected 249 gold pieces.
You spent 224 gold pieces at shops.

Inventory:

Hand weapons
 d - a -1,+0 orcish morningstar
 A - a +3,+1 flail (weapon)
 D - a +0,+0 mace
Armour
 b - a +0 animal skin
 i - a +1 elven robe
 j - a +0 leather armour
 p - a +2 ring mail
 w - a +0 dwarven scale mail
 y - a +0 wizard hat (worn)
 H - a +0 plate armour (worn)
Comestibles
 r - an apple
 t - 4 meat rations
 u - 2 chunks of ball python flesh
 v - a choko
 B - 3 bread rations
 C - 2 rotting chunks of adder flesh
 G - a chunk of rat flesh
 I - a pear
 M - a chunk of giant newt flesh
 N - a chunk of adder flesh
 O - a chunk of adder flesh
 P - a chunk of ball python flesh
Scrolls
 e - 4 scrolls of fear
 f - 2 scrolls of detect curse
 g - 2 scrolls of identify {unknown}
 l - 3 scrolls of remove curse
 m - 2 scrolls of summoning
 q - a scroll of amnesia {unknown}
 z - a scroll of enchant weapon I
 E - 2 scrolls of magic mapping
 J - 2 scrolls of teleportation
 K - a scroll of fog {unknown}
 L - a scroll of blinking {unknown}
Jewellery
 c - a ring of ice (left hand)
 h - an uncursed amulet of resist mutation {unknown}
 o - a ring of protection from fire (right hand) {unknown}
 s - an amulet of conservation (around neck) {unknown}
Potions
 a - 3 potions of heal wounds
 k - 2 potions of resistance
 n - 3 potions of curing
 x - 3 potions of brilliance
 F - a potion of blood {unknown}
 Q - a potion of might {unknown}


   Skills:
 + Level 6.3 Fighting
 - Level 4.1 Axes
 * Level 9.0 Maces & Flails
 + Level 5.9 Armour
 - Level 2.7 Dodging
 - Level 1.0 Stabbing
 + Level 2.0 Traps & Doors
 - Level 0.6 Unarmed Combat


You had 7 spell levels left.
You didn't know any spells.

Dungeon Overview and Level Annotations

Branches:
Dungeon (6/27)             Temple (0/1) D:5
    Orc: D:6-11

Altars:
Ashenzari
Fedhas
Nemelex Xobeh
The Shining One

Shops:
D:6: /%


Innate Abilities, Weirdness & Mutations

You reflexively headbutt those who attack you in melee.
You have a pair of horns on your head.


Message History

The ball python bites you but does no damage.
The ball python completely misses you.
* * * LOW HITPOINT WARNING * * *
The ball python constricts you!
You barely miss the giant frog. Your headbutt misses the giant frog.
The giant frog is almost dead.
The giant frog hits you but does no damage.
* * * LOW HITPOINT WARNING * * *
The ball python constricts you.
While you don't manage to break free from the ball python, you feel that another attempt might be more successful.
The giant frog hits you.
* * * LOW HITPOINT WARNING * * *
The ball python bites you but does no damage.
* * * LOW HITPOINT WARNING * * *
The ball python constricts you.
While you don't manage to break free from the ball python, you feel that another attempt might be more successful.
You feel a strong urge to attack something.
The giant frog hits you but does no damage.
The ball python bites you but does no damage.
You die...

....##
....
.....#
+......#
.....##
#..F...#
......#
#......#
≈≈≈≈≈≈#
#≈≈≈≈≈≈#
≈≈≈≈≈≈#
#≈≈≈≈≈≈#
≈≈≈≈≈≈#
#≈≈≈≈≈≈#
≈≈≈≈≈≈#
#≈S≈S≈≈#
≈≈≈≈≈≈#
#≈≈@F≈≈#
≈≈≈≈≈≈#
#≈≈≈%≈≈#
≈≈≈≈≈≈#
#≈≈≈≈≈≈#
≈≈≈≈≈≈#
#≈≈≈≈≈≈#
≈≈≈≈≈≈#
#≈≈≈≈≈≈#
≈≈≈≈≈≈#
#≈≈≈≈≈≈#
≈≈(?≈≈#
#≈≈≈≈≈≈#
≈≈≈≈≈≈#
#≈≈≈≈≈≈#
≈≈≈≈≈≈#
#≈≈≈≈≈≈#


You could see 2 giant frogs and 2 ball pythons.

Vanquished Creatures
  Menkaure (D:5)
  A sky beast (D:4)
  The ghost of eriska the Poker, an average MiGl (D:3)
  2 centaurs
  Duvessa (D:5)
  Blork the orc (D:5)
  4 hounds
  Dowan (D:5)
  2 scorpions
  3 orc wizards (D:5)
  2 worker ants
  A worm zombie (D:5)
  Ijyb (D:6)
  A green rat (Sewer)
  11 gnolls
  9 adders
  5 worms
  A giant mite (D:6)
  20 grey rats (Sewer)
  A bat skeleton (D:4)
  4 giant geckos
  An ooze (Sewer)
  8 orcs
  5 giant cockroaches
  19 goblins
  12 hobgoblins
  3 jackals (D:1)
  13 ball pythons
  15 bats
  A giant gecko skeleton (D:4)
  5 giant newts
  2 hobgoblin skeletons
  6 kobolds
  20 rats
  6 plants (D:1)
  A toadstool (D:1)
190 creatures vanquished.

Vanquished Creatures (collateral kills)
  A giant frog (D:6)
  A hound skeleton (D:6)
  2 gnolls (D:6)
  A giant mite (D:6)
  A giant gecko (D:6)
  A goblin (D:6)
7 creatures vanquished.

Vanquished Creatures (others)
  An adder (D:2)
  A goblin (D:1)
  A rat (D:4)
  6 toadstools
9 creatures vanquished.

Grand Total: 206 creatures vanquished

Notes
Turn   | Place    | Note
--------------------------------------------------------------
     0 | D:1      | RenegadeA, the Minotaur Berserker, began the quest for the Orb.
     0 | D:1      | Reached XP level 1. HP: 19/19 MP: 0/0
   614 | D:1      | Reached XP level 2. HP: 26/26 MP: 0/0
   747 | D:1      | Reached skill level 4 in Axes
   769 | D:1      | Found a shattered altar of Ashenzari.
  1134 | D:1      | Reached skill level 1 in Maces & Flails
  1292 | D:1      | Reached XP level 3. HP: 30/33 MP: 1/1
  1555 | D:1      | Acquired Trog's second power
  2890 | D:3      | Reached XP level 4. HP: 40/40 MP: 1/1
  3293 | D:3      | Noticed eriska's ghost (average MiGl)
  3301 | D:3      | Killed eriska's ghost
  3301 | D:3      | Reached skill level 5 in Maces & Flails
  3301 | D:3      | Reached XP level 5. HP: 47/47 MP: 1/1
  3715 | D:4      | Reached skill level 1 in Traps & Doors
  4157 | D:4      | Reached skill level 5 in Fighting
  4306 | D:4      | Found a glowing golden altar of the Shining One.
  4411 | D:4      | Found a sparkling altar of Nemelex Xobeh.
  4417 | D:4      | Reached XP level 6. HP: 46/53 MP: 2/2
  4460 | D:4      | Reached skill level 6 in Maces & Flails
  5031 | D:5      | Entered Level 5 of the Dungeon
  5031 | D:5      | Noticed Duvessa
  5034 | D:5      | Reached XP level 7. HP: 57/60 MP: 2/2
  5035 | D:5      | Noticed Dowan
  5040 | D:5      | Killed Duvessa
  5042 | D:5      | Killed Dowan
  5042 | D:5      | Reached skill level 7 in Maces & Flails
  5118 | D:5      | Noticed Menkaure
  5298 | D:5      | Killed Menkaure
  5298 | D:5      | Reached skill level 5 in Armour
  5489 | D:5      | Noticed Blork the orc
  5499 | D:5      | Killed Blork the orc
  5499 | D:5      | Reached skill level 8 in Maces & Flails
  5499 | D:5      | Reached XP level 8. HP: 69/69 MP: 2/2
  5670 | D:5      | Found a staircase to the Ecumenical Temple.
  6183 | D:6      | Found a blossoming altar of Fedhas.
  6297 | D:6      | Noticed Ijyb
  6312 | D:6      | Killed Ijyb
  6344 | D:6      | Found Duam's Food Emporium.
  6359 | D:6      | Bought a bread ration for 56 gold pieces
  6359 | D:6      | Bought a bread ration for 56 gold pieces
  6359 | D:6      | Bought a meat ration for 56 gold pieces
  6359 | D:6      | Bought a meat ration for 56 gold pieces
  6393 | D:6      | Found Sewuraot's Magical Wand Boutique.
  6437 | D:6      | Reached skill level 1 in Stabbing
  6486 | D:6      | Found a glowing drain. 6496
                  | sewer
                  | Entered the sewers 6596
                  | sewer
                  | Acquired Trog's third power 6802
                  | sewer
                  | Reached skill level 9 in Maces & Flails 6951
                  | sewer
                  | HP: 4/103 [ball python (4)] 6952
                  | sewer
                  | Slain by a ball python
